Map: Frozen Temple

Players

PwTelivolts

  • Race: Terran Terran
  • League: Master

Miszu - Winner!

  • Race: Terran Terran
  • League: Master

VOD

Have the link to the VOD?

Description

Time

  • Played on: June 27, 2016, 10:10 a.m.
  • Length: 18:23
Show
View Real Time Build Order
Export as new Build Order

PwTelivolts Terran 

Build Orders: Mech 

Get SALT Encoding   

  12  0:01  SCV  
  13  0:13  SCV  
  14  0:17  Supply Depot  
  14  0:25  SCV  
  15  0:39  SCV  
  16  0:45  Refinery, Barracks  
  16  0:51  SCV  
  17  1:03  SCV  
  18  1:15  SCV  
  19  1:32  Orbital Command  
  19  1:41  Command Center  
  19  1:52  Factory  
  19  1:57  SCV  
  20  2:06  Supply Depot  
  20  2:09  SCV  
  20  2:10  Marine  
  22  2:21  SCV  
  23  2:28  Marine  
  24  2:34  Refinery, SCV  
  24  2:36  Hellion  
  27  2:39  Starport  
  27  2:47  Marine  
  28  2:52  SCV  
  28  2:54  Orbital Command  
  29  2:58  Factory Tech Lab  
  29  3:04  SCV  
  28  3:19  Marine  
  27  3:32  Factory Tech Lab  
  27  3:33  Raven  
  28  3:37  SCV  
  28  3:39  Marine  
  30  3:42  Supply Depot  
  30  3:46  SCV  
  31  3:50  SCV  
  31  3:51  Siege Tank  
  35  3:57  Marine  
  35  4:00  SCV  
  37  4:03  Supply Depot  
  35  4:14  Marine  
  31  4:23  Siege Tank  
  29  4:25  SCV x2  
  29  4:31  Viking  
  32  4:37  SCV  
  32  4:38  SCV  
  34  4:39  Orbital Command  
  34  4:41  Marine  
  34  4:45  Command Center  
  35  4:49  SCV  
  36  4:55  Siege Tank  
  39  5:02  SCV  
  39  5:05  Viking  
  42  5:14  SCV  
  42  5:18  Engineering Bay  
  43  5:27  SCV x2  
  44  5:30  Marine  
  44  5:31  Siege Tank  
  48  5:39  SCV  
  49  5:47  Missile Turret  
  49  5:49  SCV, Missile Turret  
  50  5:51  Viking, SCV  
  53  5:57  Missile Turret  
  53  6:01  SCV  
  53  6:02  Orbital Command  
  52  6:14  SCV  
  52  6:15  SCV  
  54  6:20  Barracks Reactor  
  54  6:24  Factory  
  54  6:27  SCV x2  
  54  6:29  Refinery  
  54  6:30  SCV  
  57  6:39  SCV x2  
  61  6:42  Siege Tank, SCV  
  63  6:48  Supply Depot x2  
  63  6:51  SCV x2  
  63  6:53  Viking  
  63  6:54  Refinery  
  67  6:55  SCV  
  68  7:03  SCV x2  
  68  7:07  SCV  
  71  7:15  SCV x2  
  72  7:19  SCV  
  62  7:41  SCV x2  
  61  7:57  Orbital Command  
  61  7:58  Barracks Reactor  
  61  7:59  Factory, Viking, Siege Tank  
  66  8:06  Hellion x2, Command Center  
  66  8:07  SCV x2  
  66  8:09  Missile Turret  
  66  8:10  Missile Turret  
  72  8:19  SCV x2  
  74  8:24  Factory  
  74  8:25  Factory  
  74  8:28  Hellion x2  
  74  8:29  Missile Turret  
  74  8:31  SCV  
  74  8:32  SCV x2  
  81  8:43  SCV  
  81  8:44  SCV x2  
  81  8:46  Viking  
  85  8:52  Factory Reactor  
  85  8:55  SCV  
  85  8:56  SCV  
  85  8:59  Missile Turret  
  85  9:01  SCV  
  88  9:06  Hellion x2  
  88  9:07  SCV  
  93  9:12  Barracks Reactor  
  93  9:14  SCV  
  93  9:17  Viking, SCV  
  93  9:18  Hellion  
  93  9:20  SCV  
  99  9:26  Supply Depot  
  99  9:27  Supply Depot, SCV  
  99  9:28  SCV  
  101  9:31  Refinery  
  101  9:32  Hellion x3  
  101  9:35  Factory Tech Lab x2  
  101  9:38  Missile Turret  
  107  9:39  Missile Turret  
  107  9:43  Missile Turret  
  107  9:46  Refinery  
  107  9:47  Supply Depot, Siege Tank  
  107  9:48  Supply Depot  
  107  9:49  Supply Depot  
  110  9:53  Hellion  
  110  10:04  Armory x2  
  110  10:17  Planetary Fortress  
  110  10:19  Siege Tank x2  
  110  10:20  Siege Tank  
  119  10:21  Hellion  
  119  10:22  Hellion x2  
  125  10:30  SCV x3  
  125  10:32  Refinery  
  125  10:33  Refinery  
  128  10:42  SCV x3  
  131  10:51  Siege Tank x2  
  131  10:52  Siege Tank  
  131  10:53  Hellion x2  
  131  10:54  Hellion x2, SCV  
  139  11:03  Hellion x4  
  147  11:05  Viking x2  
  124  11:23  Siege Tank  
  124  11:24  Siege Tank x2  
  127  11:35  Viking  
  129  11:46  Hellion x2  
  129  11:47  Viking, Hellion x2  
  131  11:55  Siege Tank  
  131  11:56  Siege Tank x2  
  130  12:04  Orbital Command  
  130  12:05  Viking  
  125  12:14  Hellion  
  123  12:19  Hellion x3  
  123  12:28  Siege Tank x3  
  123  12:35  SCV x3  
  123  12:36  SCV  
  118  12:47  SCV x3  
  118  12:48  SCV  
  122  12:59  SCV x2  
  122  13:00  Siege Tank x3, SCV x2  
  133  13:13  Terran Vehicle Weapons Level 1  
  132  13:30  Hellion x2  
  132  13:32  Siege Tank x3  
  143  13:40  Hellion  
  135  13:42  SCV  
  115  14:04  Siege Tank x2, Thor  
  115  14:07  Hellion x2  
  115  14:08  Hellion  
  124  14:17  Refinery  
  124  14:22  Refinery  
  124  14:26  Missile Turret  
  124  14:27  Terran Vehicle And Ship Armor Level 1  
  124  14:30  Hellion x2  
  128  14:36  Siege Tank, Thor  
  130  14:41  Hellion x2  
  122  14:47  Siege Tank  
  122  14:50  SCV  
  122  14:51  SCV  
  105  15:08  Siege Tank, Missile Turret  
  105  15:11  Missile Turret  
  107  15:19  Siege Tank x2  
  101  15:23  Hellion x3  
  101  15:24  Hellion  
  101  15:27  Viking x2, Orbital Command  
  84  15:40  Hellion  
  86  15:44  Hellion  
  88  15:51  Hellion x2, Siege Tank x2  
  88  15:53  SCV x2  
  88  15:54  SCV x2  
  102  16:01  Siege Tank  
  105  16:05  SCV  
  105  16:06  Viking x2, SCV  
  105  16:08  SCV x2  
  113  16:12  Hellion  
  113  16:17  SCV  
  113  16:18  SCV  
  117  16:22  SCV x2  
  117  16:23  Siege Tank  
  117  16:24  Hellion  
  124  16:30  Siege Tank, SCV x2  
  124  16:31  Hellion  
  131  16:46  Thor  
  139  16:47  Hellion  
  139  16:53  Hellion x2, Missile Turret  
  143  17:12  Siege Tank  
  118  17:24  Missile Turret x2  
  118  17:29  Hellion x2  
  105  17:50  Orbital Command  
Show
View Real Time Build Order
Export as new Build Order

Miszu Terran - Winner!

Build Orders: 1/1/1, MMM Bio, Banshee Rush 

Get SALT Encoding   

  12  0:00  SCV  
  13  0:13  SCV  
  14  0:18  Supply Depot  
  14  0:25  SCV  
  15  0:29  Refinery  
  15  0:40  SCV  
  16  0:47  Barracks  
  16  0:52  SCV  
  17  1:04  SCV  
  17  1:06  Refinery  
  18  1:16  SCV  
  19  1:28  SCV  
  20  1:34  Factory  
  20  1:40  Reaper, Orbital Command  
  21  1:48  Supply Depot  
  21  2:06  SCV  
  22  2:12  Reaper  
  23  2:18  SCV  
  23  2:19  Starport  
  23  2:21  Hellion  
  26  2:25  Supply Depot  
  26  2:30  SCV  
  27  2:45  Hellion  
  27  2:46  Reaper  
  31  2:56  Medivac  
  30  3:24  Barracks Tech Lab  
  30  3:25  SCV  
  30  3:35  Command Center  
  30  3:38  Factory Tech Lab  
  30  3:42  Barracks  
  30  3:44  Barracks  
  30  3:49  Cloaking Field  
  30  3:51  Banshee  
  30  3:52  Barracks Reactor  
  30  3:53  SCV  
  34  4:18  SCV  
  35  4:30  Barracks Tech Lab, SCV  
  35  4:31  Marine x2  
  35  4:32  Barracks Tech Lab  
  37  4:41  Banshee  
  37  4:42  SCV  
  41  4:46  Siege Tank  
  41  4:48  Supply Depot  
  41  4:50  Stimpack  
  44  4:54  SCV  
  44  4:55  Orbital Command  
  44  4:56  Barracks Reactor  
  45  5:00  Marine x2  
  47  5:10  SCV  
  48  5:19  Marine x2, Combat Shields  
  50  5:22  SCV  
  50  5:26  SCV  
  52  5:34  SCV  
  52  5:35  Siege Tank  
  56  5:37  Marine x2  
  56  5:38  SCV  
  56  5:42  Refinery  
  59  5:49  Marine x2  
  61  5:52  Medivac, SCV  
  61  5:54  SCV  
  65  5:57  Refinery  
  65  6:00  Marine x2  
  64  6:04  SCV  
  64  6:07  SCV  
  66  6:15  Marine x2  
  66  6:16  Medivac, SCV  
  66  6:18  Marine  
  68  6:19  SCV  
  70  6:32  Supply Depot  
  70  6:34  Supply Depot  
  70  6:37  Supply Depot  
  70  6:40  Supply Depot  
  70  6:41  Supply Depot  
  70  6:54  Marine x4, Medivac, SCV x2  
  70  6:57  Siege Tank  
  81  7:03  Command Center  
  81  7:06  Medivac, SCV x2  
  85  7:12  Marine x3  
  88  7:18  SCV  
  73  7:30  Marine  
  73  7:31  Marine x3  
  73  7:32  Siege Tank  
  72  7:48  Marine  
  72  7:49  Marine x3  
  72  7:50  SCV x2  
  78  7:52  Barracks  
  78  7:53  Engineering Bay, Barracks  
  78  7:54  Engineering Bay  
  76  8:02  SCV  
  77  8:05  SCV  
  77  8:06  Marine x3  
  77  8:07  Marine  
  77  8:08  Siege Tank  
  77  8:09  Medivac x2  
  89  8:15  SCV  
  89  8:16  Orbital Command  
  90  8:20  SCV  
  90  8:23  Terran Infantry Weapons Level 1, Terran Infantry Armor Level 1  
  90  8:24  Marine  
  90  8:25  Reaper  
  93  8:33  SCV  
  93  8:34  SCV  
  95  8:35  Marine x2  
  97  8:41  Supply Depot  
  97  8:42  Marine, SCV  
  97  8:45  SCV  
  97  8:46  SCV  
  97  8:47  Barracks Reactor  
  97  8:48  Barracks Reactor  
  101  8:53  Marine x2  
  103  8:56  Marine  
  103  8:58  SCV x2  
  103  8:59  Marine  
  106  9:03  Medivac x2, Siege Tank  
  106  9:06  Supply Depot  
  104  9:10  Refinery, Barracks  
  104  9:11  Marine x2, Barracks, Refinery  
  104  9:16  Marine  
  106  9:17  Marine  
  107  9:24  Marine  
  107  9:25  Marine, Missile Turret  
  107  9:28  Marine, Missile Turret, Armory  
  113  9:31  Missile Turret  
  113  9:33  Medivac, Missile Turret  
  113  9:35  Marine  
  117  9:39  Marauder  
  117  9:40  Marauder  
  117  9:44  SCV x3  
  120  9:47  Barracks Tech Lab  
  120  9:56  Marine x4, SCV  
  120  9:58  Command Center  
  125  10:00  Barracks Tech Lab  
  125  10:01  Marauder x2  
  125  10:05  Marauder  
  131  10:15  Barracks Tech Lab  
  131  10:22  Marauder  
  131  10:23  Marauder  
  131  10:27  Marauder  
  137  10:30  Marauder  
  137  10:35  Marauder  
  141  10:44  Supply Depot, Marine x2, Medivac x2, Marauder  
  141  10:45  Supply Depot, Marine x2, Marauder  
  141  10:47  Marine  
  153  10:51  Marine  
  153  10:54  Terran Infantry Weapons Level 2  
  153  10:55  Terran Infantry Armor Level 2  
  144  10:57  Marauder  
  144  11:02  Marine x3  
  144  11:03  Marine  
  150  11:06  Marauder x2  
  147  11:13  Marauder  
  147  11:14  Marauder  
  145  11:19  Marauder  
  143  11:27  Marine x4, Marauder x2  
  151  11:34  Marine  
  151  11:35  Marauder  
  151  11:39  Marine  
  154  11:45  Marine  
  154  11:46  Concussive Shells  
  152  11:47  Planetary Fortress  
  152  11:49  Marauder  
  152  11:51  Command Center  
  139  12:10  Marine  
  139  12:11  Marine x5, Marauder x3  
  134  12:17  Medivac x2  
  130  12:28  Marine  
  130  12:29  Marine x4, Marauder  
  127  12:33  Marauder  
  127  12:36  Marine, Marauder  
  129  12:41  SCV  
  130  12:46  Marine x2  
  130  12:47  Marine, Medivac, Marauder  
  130  12:51  Marauder  
  139  12:54  Marauder x2  
  139  12:57  Marauder  
  142  13:09  Marauder  
  142  13:12  Marauder  
  143  13:13  Marine x4  
  143  13:15  Marauder  
  143  13:16  Marauder  
  143  13:19  Marauder  
  152  13:30  Marauder  
  152  13:31  Marine x3  
  152  13:32  Marine  
  152  13:34  Marauder  
  158  13:37  Marauder x2  
  158  13:40  Marauder  
  152  13:48  Marine  
  152  13:51  Marauder  
  152  13:55  Marine, Marauder  
  144  13:56  Marine x2  
  144  13:58  Marauder x2  
  144  14:01  Marauder  
  145  14:06  Marine  
  130  14:11  Medivac  
  130  14:13  Marine, Medivac, Marauder  
  130  14:14  Marine x2  
  130  14:16  Marauder  
  134  14:19  Marauder  
  134  14:20  Marauder  
  134  14:23  Marauder  
  136  14:24  Marine  
  136  14:31  Marine x3  
  137  14:34  Marauder  
  137  14:38  Marauder  
  126  14:40  Marine  
  126  14:41  Marine, Medivac  
  126  14:42  Marine  
  126  14:44  Marine  
  117  14:49  Marine x2  
  113  14:55  Marine, Marauder  
  113  14:56  Viking  
  113  14:58  Marine x2  
  113  14:59  Marine  
  121  15:00  Marine  
  121  15:02  Marine  
  121  15:07  Marine x2  
  123  15:10  Planetary Fortress  
  123  15:11  Medivac  
  123  15:13  Marine  
  126  15:16  Marine x2, Marauder  
  126  15:17  Marauder  
  125  15:26  Medivac  
  106  15:28  Marauder  
  106  15:33  Marine  
  106  15:35  Marine x4, Marauder  
  102  15:37  Marine  
  102  15:38  Marine  
  102  15:41  Medivac  
  109  15:45  Barracks x2  
  109  15:46  Barracks  
  109  15:49  Marine  
  110  15:51  Marine  
  110  15:53  Marine x4  
  110  15:55  Marine  
  110  15:56  Medivac  
  116  16:00  Marauder x2  
  120  16:07  Marauder  
  120  16:09  Marine  
  120  16:10  Marine  
  120  16:11  Marine x2, Marauder  
  124  16:13  Marauder  
  130  16:20  Starport  
  130  16:21  Marine x2  
  130  16:22  Starport  
  130  16:26  Starport  
  130  16:27  Marine  
  130  16:29  Marine, Marauder  
  134  16:33  Marauder  
  134  16:35  Marauder  
  134  16:39  Marauder  
  140  16:40  Marine x2, Marauder  
  140  16:42  Medivac  
  140  16:43  Barracks Tech Lab  
  140  16:44  Barracks Tech Lab  
  140  16:45  Barracks Reactor  
  146  16:54  Command Center  
  146  16:56  Marauder  
  122  17:24  Marauder  
  122  17:27  Marine, Marauder  
  122  17:28  Marine  
  122  17:29  Marine x7  
  128  17:38  Viking  
  128  17:39  Viking  
  128  17:41  Viking  
  127  17:45  Marine x2  
  127  17:46  Marine x2  
  127  17:47  Marine x4, Marauder x2  
  127  17:48  Marine  
  128  18:02  Marine  
  128  18:03  Marine  
  128  18:04  Marine  
Tags
 
Composition
MMM BioMech
Matchup
TvT
Opening
1/1/1
Player
Miszu
Race
Terran
Strategy
Banshee Rush
Add a new tag
Caveats
  • Supply blocks, unpowered buildings, or Contaminate may cause inaccurate times.
  • Supply counts are checked every 10 seconds.